 Dungeon Crawl Stone Soup version 0.25-a0-558-g78a2afb0af (webtiles) character file.

Game seed: 1268742537494321514, levelgen mode: classic

1696 EnegeticOcto the Chopper (level 8, 36/76 HPs)
             Began as a Deep Dwarf Fighter on Feb 24, 2020.
             Was an Initiate of Makhleb.
             Quit the game on level 6 of the Dungeon.
             The game lasted 00:02:12 (2499 turns).

EnegeticOcto the Chopper (Deep Dwarf Fighter)       Turns: 2499, Time: 00:02:13

Health: 36/76      AC: 12    Str: 21    XL:     8   Next: 72%
Magic:  6/6        EV:  5    Int: 10    God:    Makhleb [......]
Gold:   169        SH: 11    Dex: 12    Spells: 7/7 levels left

rFire    . . .     SeeInvis .   a - +0 war axe
rCold    . . .     Gourm    .   c - +1 kite shield
rNeg     . . .     Faith    .   j - +0 plate armour
rPois    .         Spirit   .   (no helmet)
rElec    .         Reflect  .   (no cloak)
rCorr    .         Harm     .   (no gloves)
MR       +....     Rnd*Tele +   (no boots)
Stlth    ..........             (no amulet)
HPRegen  0.00/turn              g - ring of teleportation (curse)
MPRegen  0.10/turn              (no ring)

@: non-regenerating, drained
A: damage resistance, heal wounds, sense surroundings 1, no regeneration
a: Heal Wounds, Renounce Religion


You were on level 6 of the Dungeon.
You worshipped Makhleb.
Makhleb was noncommittal.
You were not hungry.

You visited 2 branches of the dungeon, and saw 7 of its levels.

You collected 169 gold pieces.

Inventory:

Hand Weapons
 a - a +0 war axe (weapon)
Armour
 c - a +1 kite shield (worn)
 j - a +0 plate armour (worn)
Jewellery
 g - a cursed ring of teleportation (left hand)
 s - an uncursed ring of protection from magic
Wands
 b - a wand of iceblast (11)
 o - a wand of scattershot (5)
 p - a wand of flame (21)
 r - a wand of digging (2) {@v2}
Scrolls
 q - 2 scrolls of fear
Potions
 d - a potion of berserk rage
 f - a potion of curing {@q1}
 i - a potion of flight {unknown}
 k - a potion of might {@q3}
 l - a potion of heal wounds {@q2}
 m - a potion of resistance {unknown}
 n - 2 potions of haste {@q4}
Comestibles
 e - 5 rations


   Skills:
 * Level 6.0(5.3) Fighting
 * Level 6.7(6.0) Axes
 + Level 5.6(4.9) Armour
 + Level 4.3(3.6) Dodging
 + Level 5.6(4.9) Shields
 * Level 1.9(1.3) Invocations


You had 7 spell levels left.
You didn't know any spells.
Your spell library was empty.

Dungeon Overview and Level Annotations

Branches:
Dungeon (6/15)             Temple (1/1) D:6

Altars:
Ashenzari
Cheibriados
Elyvilon
Fedhas
Gozag
Hepliaklqana
Kikubaaqudgha
Makhleb
Nemelex Xobeh
Okawaru
Ru
Sif Muna
Trog
Vehumet
Wu Jian
Zin

Shops:
D:6 (


Innate Abilities, Weirdness & Mutations

You are resistant to damage.
You can heal yourself by infusing magical energy.
You passively map a small area around you.
You do not regenerate.


Message History

The wight is heavily damaged.
You block the wight's attack.
You hit the wight.
The wight is almost destroyed.
The wight hits you but does no damage.
You hit the wight.
You destroy the wight!
Makhleb accepts your kill.
No target in view!
No target in view!
No target in view!
No target in view!
No target in view!
You feel much better.
q - 2 scrolls of fear (gained 1)
Things that are here:
a +0 great sword; a +0 chain mail You see here 3 boomerangs.
Some of the chunks of flesh in your inventory have rotted away.
There is a dry fountain here.
You see here a spear.
All of the chunks of flesh in your inventory have rotted away.
There is a stone staircase leading down here.
You see here 22 stones.
There is a fountain of sparkling water here.
Things that are here:
a +0 robe; a +0 short sword You see here a short sword.
You see here 21 stones.
You see here a +0 mace.
An orc, an orc warrior and an orc priest come into view.
The orc warrior shouts!
The orc priest shouts!
The orc priest looks braver for a moment.
There are monsters nearby!
There are monsters nearby!
There are monsters nearby!
There are monsters nearby!
There are monsters nearby!
There are monsters nearby!
You barely miss the orc warrior. You block the orc warrior's attack.
Your shield and plate armour prevent you from hitting the orc warrior.
The orc warrior hits you with a +0 war axe!
Your shield and plate armour prevent you from hitting the orc warrior.
The orc warrior hits you but does no damage.
You hit the orc warrior.
The orc warrior is lightly wounded.
The orc warrior hits you with a +0 war axe!
You closely miss the orc warrior. You block the orc warrior's attack.
Your plate armour prevents you from hitting the orc warrior.
You block the orc warrior's attack.
You hit the orc warrior but do no damage.
You block the orc warrior's attack.
You hit the orc warrior but do no damage.
The orc warrior hits you with a +0 war axe!
You hit the orc warrior but do no damage.
The orc warrior hits you but does no damage.
The orc priest calls down the wrath of Beogh upon you.
Beogh smites you!
You hit the orc warrior.
The orc warrior is lightly wounded.
You block the orc warrior's attack.
You slash the orc warrior!
The orc warrior is heavily wounded.
The orc warrior hits you but does no damage.
You barely miss the orc warrior.
The orc warrior is heavily wounded.
The orc warrior barely misses you.
The orc priest miscasts a cantrip.
The orc warrior hits you with a +0 war axe.
Your plate armour prevents you from hitting the orc warrior.
The orc warrior is heavily wounded.
The orc priest begins to cast a cantrip, but forgets the words!
You block the orc warrior's attack.
Your plate armour prevents you from hitting the orc warrior.
The orc warrior is heavily wounded.
The orc warrior hits you but does no damage.
You hit the orc warrior but do no damage.
The orc warrior is heavily wounded.
The orc priest begins to cast a cantrip, but forgets the words!
You block the orc warrior's attack.
You hit the orc warrior.
The orc warrior is severely wounded.
The orc warrior hits you with a +0 war axe!
* * * LOW HITPOINT WARNING * * *
You are too injured to fight recklessly!
You are too injured to fight recklessly!
You are too injured to fight recklessly!
You are too injured to fight recklessly!
You are too injured to fight recklessly!
You are too injured to fight recklessly!
You are too injured to fight recklessly!
You are too injured to fight recklessly!
You are too injured to fight recklessly!
You are too injured to fight recklessly!
You are too injured to fight recklessly!
You fail to use your ability.
You block the orc warrior's attack.
You feel much better.
The orc priest mumbles some strange prayers to Beogh against you.
Beogh smites you!
Are you sure you want to abandon this character and quit the game? (Confirm with "yes".)

#.# #.# #.# #.#
#.# #)# #.# #####
#.# #...# *
##.#########)#@#
<
#.......(....#o#,
,
##############o#
, , #o#, , #.# ,
, , #.#, #.# #.#
,


You could see an orc warrior, an orc priest and an orc.

Vanquished Creatures
  Pikel (D:5)
  4 slaves (D:5)
  An ogre (D:6)
  A phantom (D:4)
  A scorpion (D:5)
  9 wights (D:6)
  A vampire bat (D:4)
  A bullfrog zombie (D:6)
  2 hounds
  3 orc wizards
  4 orc priests
  2 iguanas
  4 worker ants
  7 adders
  4 gnolls (D:4)
  A shadow imp (D:5)
  An ooze (D:6)
  An adder skeleton (D:6)
  3 leopard geckos
  10 orcs
  2 bat skeletons (D:4)
  4 bat zombies (D:4)
  3 giant cockroaches
  2 goblins
  A hobgoblin (D:3)
  A kobold (D:1)
  2 quokkas (D:4)
  3 ball pythons
  2 bats (D:3)
  2 frilled lizards
  A leopard gecko zombie (D:6)
  A rat (D:1)
85 creatures vanquished.

Notes
Turn   | Place    | Note
-------+----------+-------------------------------------------
     0 | D:1      | EnegeticOcto the Deep Dwarf Fighter began the quest for the
                  | Orb.
     0 | D:1      | Reached XP level 1. HP: 20/20 MP: 1/1
   193 | D:3      | Reached XP level 2. HP: 27/27 MP: 2/2
   247 | D:3      | Found a blossoming altar of Fedhas.
   305 | D:4      | Noticed a phantom
   418 | D:4      | Killed a phantom
   418 | D:4      | Reached skill level 1 in Dodging
   418 | D:4      | Reached XP level 3. HP: 21/34 MP: 2/2
   418 | D:4      | Reached XP level 4. HP: 26/42 MP: 3/3
   503 | D:4      | Reached XP level 5. HP: 49/49 MP: 4/4
   650 | D:4      | Found a shimmering blue altar of Sif Muna.
   737 | D:4      | Reached XP level 6. HP: 30/57 MP: 5/5
   897 | D:4      | Found a bloodstained altar of Trog.
   922 | D:4      | Found an ancient bone altar of Kikubaaqudgha.
  1020 | D:5      | Entered Level 5 of the Dungeon
  1124 | D:5      | Noticed a slave
  1124 | D:5      | Noticed a slave
  1124 | D:5      | Noticed Pikel
  1124 | D:5      | Noticed a slave
  1125 | D:5      | Noticed a slave
  1142 | D:5      | Killed a slave
  1151 | D:5      | Reached XP level 7. HP: 49/66 MP: 5/5
  1172 | D:5      | Killed Pikel
  1172 | D:5      | Reached skill level 5 in Fighting
  1172 | D:5      | Reached skill level 5 in Axes
  1172 | D:5      | Reached skill level 5 in Armour
  1172 | D:5      | Reached skill level 5 in Shields
  1172 | D:5      | Reached XP level 8. HP: 53/74 MP: 5/5
  1199 | D:5      | Found a shattered altar of Ashenzari.
  1849 | D:6      | Found a staircase to the Ecumenical Temple.
  1863 | D:6      | Found Liraiss's Weapon Shop.
  1882 | Temple   | Entered the Ecumenical Temple
  2038 | Temple   | Became a worshipper of Makhleb the Destroyer
  2109 | D:6      | Reached skill level 1 in Invocations
  2499 | D:6      | Quit the game

Levels and vault maps discovered:
D:1:      eino_arrival_cavern_b, layout_rooms, serial_bayou_pond_b
D:2:      layout_basic, first_ration, minmay_worlds_worst_comb, uniq_terence,
          uniq_crazy_yiuf_cottage
D:3:      layout_loops_ring, dancing_weapons_uskayaw, kb_xom_exploding_sheep,
          nicolae_qazlal_eye_of_the_storm, fedhas_altar_4
D:4:      layout_cave_pools, kennysheep_mini_moat, lemuel_blue_sif_altar,
          kennysheep_vampire_church, serial_forest,
          infiniplex_forest_clump_tiny, infiniplex_forest_clump_medium,
          infiniplex_forest_straight_3, infiniplex_forest_lined_room_2,
          infiniplex_forest_straight_2, infiniplex_forest_end_2,
          infiniplex_forest_diagonal
D:5:      layout_basic, nicolae_overflow_crystal_walls, uniq_pikel
D:6:      layout_basic, minmay_temple_entry_junction, serial_shops,
          nicolae_shop_competitors_out_of_business
Temple:   minmay_temple_curvy_loop

Skill      XL: |  1  2  3  4  5  6  7  8 |
---------------+-------------------------+-----
Fighting       | 3 4 5 6 |  6.0
Axes           | 3 4 5 6 |  6.7
Dodging        | 1 2 3 4 |  4.3
Shields        | 4 5 |  5.6
Armour         | 4 5 |  5.6
Invocations    | 1 |  1.9

Action                   |  1- 3 |  4- 6 |  7- 9 || total
-------------------------+-------+-------+-------++-------
Melee: War axe           |   101 |   139 |   161 ||   401
 Abil: Heal Wounds       |     2 |     5 |     7 ||    14
  Use: Scroll            |       |     4 |     5 ||     9
  Eat: Chunk             |       |     1 |     5 ||     6
Armor: Scale mail        |    40 |    35 |       ||    75
       Plate armour      |       |   104 |   114 ||   218
Dodge: Dodged            |    27 |    59 |    51 ||   137
Block: Kite shield       |    63 |   124 |   113 ||   300

Table legend:
 A = Non-vault XP
 B = Vault XP
 C = Vault XP percentage of total XP
 D = Non-vault monster count
 E = Vault monster count
 F = Vault count percentage of total count
                 A         B        C        D         E       F
            +---------+---------+-------+---------+---------+-------
      Total |    1705 |     718 |  29.6 |      73 |       8 |   9.9
            +---------+---------+-------+---------+---------+-------
        D:1 |       6 |       0 |   0.0 |       4 |       0 |   0.0
        D:2 |       1 |       0 |   0.0 |       1 |       0 |   0.0
        D:3 |      24 |       0 |   0.0 |       7 |       0 |   0.0
        D:4 |     409 |      67 |  14.1 |      18 |       7 |  28.0
        D:5 |     352 |     651 |  64.9 |      15 |       1 |   6.2
        D:6 |     913 |       0 |   0.0 |      28 |       0 |   0.0
            +---------+---------+-------+---------+---------+-------
